 Dungeon Crawl Stone Soup version 0.30-a0-883-g5ad918d77d (webtiles) character file.

Game seed: 11138641896053144839

37 bmack86 the Trooper (level 3, 0/33 HPs)
             Began as a Minotaur Fighter on Mar 18, 2023.
             Slain by a kobold
             ... wielding a +2 dagger of distortion
              (5 damage)
             ... on level 2 of the Dungeon.
             The game lasted 00:01:59 (1069 turns).

bmack86 the Trooper (Minotaur Fighter)              Turns: 1069, Time: 00:02:00

Health: 0/33       AC: 10    Str: 22    XL:     3   Next: 23%
Magic:  2/2        EV:  7    Int:  5    God:
Gold:   38         SH:  4    Dex:  9    Spells: 2/2 levels left

rFire   . . .      SeeInvis .    a - +0 war axe
rCold   . . .      Faith    .    c - +0 buckler
rNeg    + . .      Spirit   .    i - +1 chain mail {rN+}
rPois   .          Reflect  .    (helmet restricted)
rElec   .          Rampage  .    (no cloak)
rCorr   .                        (no gloves)
Will    +....                    (no boots) Stlth
                                 (no amulet)
HPRegen 0.25/turn                f - +4 ring of slaying
MPRegen 0.08/turn                j - ring of willpower

@: no status effects
A: horns 2, retaliatory headbutt
a: no special abilities


You were on level 2 of the Dungeon.
You visited 1 branch of the dungeon, and saw 2 of its levels.

You collected 38 gold pieces.

Inventory:

Hand Weapons
 a - a +0 war axe (weapon)
Armour
 b - a +0 scale mail
 c - a +0 buckler (worn)
 i - a +1 chain mail of positive energy (worn)
Jewellery
 f - a +4 ring of slaying (left hand)
 j - a ring of willpower (right hand)
Scrolls
 h - a scroll of teleportation
Potions
 d - a potion of might
 e - 2 potions of brilliance
 k - a potion of curing {unknown}


   Skills:
 + Level 4.0 Fighting
 * Level 3.4 Axes
 + Level 4.0 Armour
 + Level 4.0 Shields


You had 2 spell levels left.
You didn't know any spells.
Your spell library contained the following spells:

 Spells                   Type           Power      Damage    Failure   Level
 Sting                    Tmut/Pois      0%         1d3       99%         1
 Poisonous Vapours        Pois/Air       0%         N/A       100%        2
 Vhi's Electric Charge    Tloc/Air       0%         N/A       100%        3
 Olgreb's Toxic Radiance  Pois           0%         N/A       100%        4
 Arcjolt                  Conj/Air       0%         1d10      100%        5
 Maxwell's Capacitive Co  Air            0%         ∞         100%        8


Dungeon Overview and Level Annotations

Branches:
Dungeon (2/15)

Altars:


Innate Abilities, Weirdness & Mutations

You have a pair of horns on your head.
You reflexively headbutt those who attack you in melee.


Message History

a +0 club; a goblin corpse
There is an open door here.
Things that are here:
a +0 club; 3 stones You open the door.
There is an open door here.
A bat comes into view.
The bat hits you but does no damage. The bat hits you but does no damage.
You barely miss the bat. You headbutt the bat.
You kill the bat!
There is a stone staircase leading down here.
You see here a +0 short sword.
There is a shaft here.
Done exploring.
As you read the scroll labelled YVAICH DEEBY, it crumbles to dust.
It is a scroll of identify.
e - 2 potions of brilliance
There is a stone staircase leading down here.
You climb downwards.
There is a stone staircase leading up here.
As you read the scroll labelled YPNASU GEASH, it crumbles to dust.
You feel strangely unstable.
It was a scroll of teleportation.
As you read the scroll labelled IWOAZY RISCH, it crumbles to dust.
The air around you briefly surges with heat, but it dissipates.
It was a scroll of immolation.
Your surroundings suddenly seem different.
Found 3 stones.
A kobold comes into view.
It is wielding a +2 dagger of distortion.
The kobold barely misses you.
You barely miss the kobold.
The kobold hits you with a +2 dagger of distortion.
You blink.
The kobold hits you with a +2 dagger of distortion.
Space warps horribly around you!!
Ouch! That really hurt!
* * * LOW HITPOINT WARNING * * *
You miss the kobold. The kobold hits you but does no damage.
Space warps around you.
You die...

# .# ###.##### #........
################@#.#####
#.............##K# #
#.###.......#.##.#.###
#.# #.###.#..........#
..###.###.###.##.....#
..........###.##........
..###.###.....###...####
..# #.# ####### #.## ..#
#.# .#


You could see a kobold.

Vanquished Creatures
  A gnoll (D:1)
  A dart slug (D:1)
  3 bats (D:1)
  2 endoplasms (D:1)
  A giant cockroach (D:1)
  A hobgoblin (D:1)
  4 kobolds (D:1)
  A quokka (D:1)
  3 ball pythons (D:1)
  5 goblins (D:1)
  3 rats (D:1)
25 creatures vanquished.

Notes
Turn   | Place    | Note
-------+----------+-------------------------------------------
     0 | D:1      | bmack86 the Minotaur Fighter began the quest for the Orb.
     0 | D:1      | Reached XP level 1. HP: 19/19 MP: 0/0
    31 | D:1      | Reached XP level 2. HP: 11/27 MP: 1/1
   460 | D:1      | Reached XP level 3. HP: 33/33 MP: 2/2
  1069 | D:2      | Slain by a kobold

Illustrated notes

Levels and vault maps discovered:
D:1:      moated_graveyard_arrival, layout_basic, minmay_misc_feat_roman,
          minmay_misc_feat_iff
D:2:      layout_loops_corners, serial_shops, nicolae_shop_hallway_stairs,
          basic_altar

Skill      XL: |  1  2  3 |
---------------+----------+-----
Axes           | 3 |  3.4
Fighting       | 4 |  4.0
Shields        | 4 |  4.0
Armour         | 4 |  4.0

Action                     || total
---------------------------++-------
  Melee: War axe           ||    35
         Headbutt          ||     3
    Use: Scroll            ||     3
 Armour: Scale mail        ||    17
         Chain mail        ||     8
  Dodge: Dodged            ||    18
  Block: Buckler           ||     8

Table legend: (Time is in decaauts)
 A = Elapsed time spent in this place.
 B = Non-inter-level travel time spent in this place.
 C = Inter-level travel time spent in this place.
 D = Time resting spent in this place.
 E = Time spent auto-exploring this place.
 F = Levels seen in this place.
 G = Mean time per level.
                   A        B        C        D        E       F      G
               +--------+--------+--------+--------+--------+-----+--------+
         Total |   1080 |   1067 |     13 |     67 |    764 |   2 |  540.0 |
       Dungeon |   1080 |   1067 |     13 |     67 |    764 |   2 |  540.0 |
               +--------+--------+--------+--------+--------+-----+--------+

Top non-repeatable levels by time:
     D:1: 1043 daAuts
     D:2: 37 daAuts
